Map: Ascension to Aiur LE

Players

Neeb - Winner!

  • Race: Protoss Protoss
  • Spawn Location: 5:00

MCanning

  • Race: Protoss Protoss
  • League: Master
  • Spawn Location: 11:00

VOD

Have the link to the VOD?

Description

Time

  • Played on: May 6, 2017, 11:37 p.m.
  • Length: 9:06
Show
View Real Time Build Order
Export as new Build Order

Neeb Protoss - Winner!

Build Orders: Blink Stalkers 

Get SALT Encoding   

  12  0:00  Probe (Chrono Boost)  
  13  0:11  Probe (Chrono Boost)  
  14  0:18  Pylon  
  14  0:22  Probe (Chrono Boost)  
  15  0:36  Probe (Chrono Boost), Gateway  
  16  0:46  Probe (Chrono Boost)  
  16  0:48  Assimilator  
  17  0:52  Assimilator  
  17  0:57  Probe (Chrono Boost)  
  17  1:03  Gateway  
  18  1:08  Probe (Chrono Boost)  
  20  1:18  Probe (Chrono Boost)  
  20  1:24  Cybernetics Core  
  20  1:29  Probe (Chrono Boost)  
  20  1:31  Pylon  
  21  1:39  Probe (Chrono Boost)  
  22  1:48  Warp Gate  
  22  1:50  Probe (Chrono Boost)  
  25  2:01  Mothership Core (Chrono Boost)  
  29  2:14  Nexus  
  25  2:22  Stalker  
  27  2:29  Stalker  
  29  2:34  Probe (Chrono Boost)  
  30  2:40  Pylon  
  30  2:46  Probe (Chrono Boost)  
  30  2:49  Pylon  
  31  3:00  Stalker  
  31  3:04  Stalker  
  36  3:07  Probe (Chrono Boost)  
  36  3:15  Twilight Council  
  36  3:19  Probe (Chrono Boost)  
  36  3:26  Probe (Chrono Boost)  
  37  3:31  Probe (Chrono Boost)  
  37  3:33  Pylon  
  38  3:36  Blink, Probe (Chrono Boost)  
  39  3:42  Probe (Chrono Boost)  
  39  3:47  Probe (Chrono Boost)  
  41  3:52  Sentry x2  
  41  3:55  Probe (Chrono Boost)  
  46  3:58  Probe (Chrono Boost)  
  47  4:07  Probe (Chrono Boost)  
  47  4:08  Probe (Chrono Boost)  
  47  4:09  Robotics Facility  
  49  4:19  Probe x2 (Chrono Boost)  
  51  4:27  Sentry  
  51  4:29  Probe (Chrono Boost)  
  55  4:31  Probe (Chrono Boost)  
  55  4:32  Assimilator  
  55  4:38  Gateway  
  55  4:39  Gateway  
  55  4:40  Probe (Chrono Boost), Gateway  
  55  4:44  Probe (Chrono Boost)  
  57  4:46  Gateway  
  57  4:51  Warp Prism  
  59  5:01  Stalker  
  59  5:06  Pylon  
  61  5:08  Pylon  
  61  5:11  Pylon  
  61  5:15  Pylon  
  61  5:26  Stalker x2  
  66  5:42  Pylon  
  65  5:50  Stalker x6  
  77  6:24  Stalker x6  
  61  6:47  Stalker x5  
  61  6:54  Probe x2 (Chrono Boost), Warp Prism  
  57  7:01  Assimilator  
  57  7:02  Sentry  
  57  7:07  Probe (Chrono Boost)  
  60  7:11  Gateway  
  60  7:14  Stalker x3  
  66  7:24  Stalker  
  66  7:26  Stalker  
  70  7:51  Nexus  
  70  8:00  Stalker x6  
  82  8:07  Pylon  
  82  8:21  Warp Prism  
  82  8:25  Stalker x6  
  88  8:58  Stalker x6  
Show
View Real Time Build Order
Export as new Build Order

MCanning Protoss 

Build Orders:  

Get SALT Encoding   

  12  0:01  Probe (Chrono Boost)  
  13  0:11  Probe (Chrono Boost)  
  14  0:18  Pylon  
  14  0:22  Probe (Chrono Boost)  
  15  0:36  Probe (Chrono Boost)  
  15  0:37  Gateway  
  16  0:47  Probe (Chrono Boost)  
  16  0:48  Assimilator  
  17  0:52  Assimilator  
  17  0:57  Probe (Chrono Boost)  
  18  1:08  Probe (Chrono Boost)  
  19  1:13  Gateway  
  20  1:18  Probe (Chrono Boost)  
  20  1:24  Cybernetics Core  
  20  1:29  Probe (Chrono Boost)  
  21  1:34  Pylon  
  21  1:39  Probe (Chrono Boost)  
  22  1:50  Probe (Chrono Boost)  
  22  1:51  Warp Gate  
  23  2:01  Stalker x2  
  28  2:02  Probe (Chrono Boost)  
  30  2:15  Mothership Core (Chrono Boost)  
  30  2:16  Pylon  
  30  2:35  Probe (Chrono Boost)  
  31  2:37  Stalker x2  
  35  2:47  Probe (Chrono Boost)  
  36  2:59  Nexus  
  36  3:06  Pylon  
  36  3:10  Probe (Chrono Boost)  
  37  3:20  Probe (Chrono Boost)  
  37  3:25  Sentry x2  
  42  3:31  Probe (Chrono Boost), Robotics Facility  
  43  3:41  Probe (Chrono Boost)  
  43  3:46  Pylon  
  44  3:52  Probe (Chrono Boost)  
  45  3:57  Twilight Council  
  45  4:01  Sentry  
  47  4:04  Probe (Chrono Boost)  
  48  4:13  Probe (Chrono Boost)  
  48  4:15  Probe (Chrono Boost)  
  50  4:24  Probe (Chrono Boost), Immortal  
  55  4:25  Probe (Chrono Boost)  
  56  4:34  Probe (Chrono Boost)  
  56  4:36  Probe (Chrono Boost)  
  56  4:37  Forge  
  58  4:39  Blink  
  58  4:45  Probe (Chrono Boost)  
  59  4:46  Probe (Chrono Boost), Assimilator  
  59  4:49  Assimilator  
  60  4:55  Probe (Chrono Boost)  
  60  4:57  Probe (Chrono Boost)  
  62  5:06  Probe (Chrono Boost)  
  63  5:08  Probe (Chrono Boost)  
  63  5:11  Gateway  
  63  5:14  Gateway  
  64  5:16  Observer  
  64  5:18  Probe (Chrono Boost)  
  64  5:20  Probe (Chrono Boost)  
  67  5:28  Photon Cannon  
  67  5:30  Probe (Chrono Boost)  
  67  5:31  Gateway  
  67  5:35  Pylon x2  
  68  5:47  Pylon  
  68  5:48  Immortal  
  68  5:51  Photon Cannon  
  72  5:57  Robotics Bay  
  72  6:06  Stalker  
  72  6:07  Stalker  
  76  6:14  Stalker x2  
  67  6:27  Probe (Chrono Boost)  
  67  6:30  Stalker x2  
  63  6:38  Stalker  
  61  6:45  Stalker  
  49  6:55  Protoss Ground Weapons Level 1  
  49  6:57  Probe x2 (Chrono Boost), Disruptor  
  53  7:07  Probe (Chrono Boost)  
  53  7:08  Probe (Chrono Boost)  
  55  7:19  Probe (Chrono Boost)  
  55  7:20  Probe (Chrono Boost)  
  57  7:24  Zealot  
  57  7:28  Disruptor  
  59  7:31  Probe (Chrono Boost)  
  59  7:32  Probe (Chrono Boost)  
  64  7:44  Probe (Chrono Boost)  
  65  7:46  Stalker  
  65  7:47  Stalker x3  
  73  7:57  Stalker  
  75  7:59  Disruptor  
  75  8:01  Pylon  
  78  8:07  Pylon  
  78  8:26  Stalker x5  
  66  8:50  Stalker x3  
  67  8:57  Adept  
  67  8:58  Adept  
Tags
 
Composition
Blink Stalkers
League
Master
Matchup
PvP
Spawn Locations
Cross Positions
Add a new tag
Caveats
  • Supply blocks, unpowered buildings, or Contaminate may cause inaccurate times.
  • Supply counts are checked every 10 seconds.